Construct Infanterie Kompanie
Selects Terror Battlegroup
Selects Machine Gun Camouflage
Infanterie Officer Quarters
Construct Luftwaffe Kompanie
Luftwaffe Officer Quarters
Marder III M Tank Destroyer
Construct Panzergrenadier Kompanie
Nebelwerfer 42 Rocket Launcher Team
Nebelwerfer 42 Rocket Launcher Team
Panzergrenadier Officer Quarters
Pak 40 Anti-tank Gun Team
Selects Defend the Fatherland
Marder III M Tank Destroyer
Construct Panzer Kompanie
Marder III M Tank Destroyer